 Dungeon Crawl Stone Soup version 0.30.1-3-gfc49f6343a (webtiles) character file.

Game seed: 16039660520107407064

662 Wiggles the Cleaver (level 7, -1/56 (60) HPs)
             Began as a Minotaur Berserker on July 24, 2023.
             Was a Priest of Trog.
             Slain by a wight
             ... wielding a +1 flail
              (3 damage)
             ... on level 4 of the Dungeon.
             The game lasted 00:05:30 (2935 turns).

Wiggles the Cleaver (Minotaur Berserker)            Turns: 2935, Time: 00:05:31

HP:   -1/56 (60)    AC: 13    Str: 23    XL:     7   Next: 30%
MP:   6/6           EV:  7    Int:  4    God:    Trog [***...]
Gold: 238           SH:  0    Dex: 10    Spells: 6/6 levels left

rFire   . . .        q - +0 war axe
rCold   + . .        (no shield)
rNeg    . . .        l - +0 plate armour
rPois   .            (helmet restricted)
rElec   .            n - +0 cloak
rCorr   .            m - +0 pair of gloves
SInv    .            (no boots)
Will    .....        (no amulet) Stlth
                     i - ring of protection from cold
HPRegen 0.29/turn    (no ring)
MPRegen 0.10/turn

%: no passive effects
@: on berserk cooldown, slowed, drained, very slow
A: horns 2, retaliatory headbutt
a: Renounce Religion, Berserk, Trog's Hand


You were on level 4 of the Dungeon.
You worshipped Trog.
Trog was most pleased with you.
You visited 1 branch of the dungeon, and saw 4 of its levels.

You collected 238 gold pieces.

Inventory:

Hand Weapons
 q - a +0 war axe (weapon)
Armour
 l - a +0 plate armour (worn)
 m - a +0 pair of gloves (worn)
 n - a +0 cloak (worn)
Jewellery
 a - a ring of protection from fire
 i - a ring of protection from cold (left hand)
 s - an amulet of reflection
Scrolls
 b - a scroll of torment {unknown}
 c - a scroll of enchant weapon {unknown}
 e - a scroll of summoning {unknown}
 f - 3 scrolls of teleportation {unknown}
 g - 3 scrolls of identify {unknown}
 h - a scroll of fog {unknown}
 j - a scroll of silence {unknown}
Potions
 d - a potion of curing {unknown}
 k - a potion of attraction {unknown}
 o - 2 potions of brilliance {unknown}
 p - a potion of haste {unknown}
 r - a potion of experience {unknown}
 t - a potion of degeneration {unknown}
 u - a potion of invisibility {unknown}


   Skills:
 - Level 4.9 Fighting
 + Level 9.3 Axes
 - Level 3.3 Armour
 - Level 2.5 Dodging
 - Level 0.1 Stealth


You had 6 spell levels left.
You didn't know any spells.
Your spell library was empty.

Dungeon Overview and Level Annotations

Branches:
Dungeon (4/15)
 Temple: D:4-7

Altars:
Ashenzari
Kikubaaqudgha
Okawaru


Innate Abilities, Weirdness & Mutations

You have a pair of horns on your head.
You reflexively headbutt those who attack you in melee.


Message History

You destroy the wight!
Trog accepts your kill.
Your life force feels restored.
You have reached level 7!
You slash Edmund!
Edmund is moderately wounded.
Edmund hits you but does no damage.
You feel drained.
You slash Edmund! You headbutt Edmund!!
Edmund is almost dead.
Edmund hits you with a +2 dire flail of draining!
You feel drained.
You closely miss Edmund.
Edmund is almost dead.
Edmund hits you but does no damage.
You feel drained.
You slash Edmund!
You kill Edmund!
Trog accepts your kill.
You hit the wight.
Your life force feels restored.
Your Axes skill increases to level 9!
The wight hits you but does no damage.
Items here: )) [[ †.
You feel a strong urge to attack something.
You are no longer berserk.
You are exhausted.
You feel yourself slow down. The wight barely misses you.
The wight hits you with a +1 flail.
* * * LOW HITPOINT WARNING * * *
Items here: )) [[ †.
You hit the wight but do no damage.
The wight is heavily damaged.
The wight hits you with a +1 flail!
* * * LOW HITPOINT WARNING * * *
You feel drained.
* * * LOW HITPOINT WARNING * * *
The wight closely misses you. The wight barely misses you.
The wight hits you with a +1 flail!
* * * LOW HITPOINT WARNING * * *
You feel drained.
You die...

#.............
#.........###......
#........## #.....
###........####....
#..<<............. .
##...............# #..
####..#.#....#..###....
#.##......#.........
####.# ...#..@z........
#....####.#...)........
#.............)........
#..≈≈≈≈≈≈≈≈≈...........
#..≈.(.........#.......
#..≈.###.#)≈.........##
#..≈.#...#.≈.........#
#..≈.#._.#.≈.......(.#
#..≈$#...#.≈........##


You could see a wight.

Vanquished Creatures
  Edmund (D:4)
  Pargi (D:3)
  4 wights (D:4)
  A sleepcap (D:4)
  A hound (D:4)
  2 orc wizards (D:3)
  3 adders
  A worm (D:2)
  5 dart slugs
  9 orcs
  2 ball pythons (D:2)
  3 bats
  6 endoplasms
  3 giant cockroaches
  10 goblins
  8 hobgoblins
  2 jackals (D:4)
  4 quokkas
  2 frilled lizards (D:2)
  5 kobolds
  7 rats
80 creatures vanquished.

Notes
Turn   | Place    | Note
-------+----------+-------------------------------------------
     0 | D:1      | Wiggles the Minotaur Berserker began the quest for the Orb.
     0 | D:1      | Reached XP level 1. HP: 19/19 MP: 0/0
   126 | D:1      | Reached skill level 4 in Axes
   268 | D:1      | Reached XP level 2. HP: 19/27 MP: 1/1
   971 | D:1      | Reached XP level 3. HP: 33/33 MP: 2/2
  1220 | D:2      | Reached ** piety under Trog
  1249 | D:2      | Found a faded altar of an unknown god.
  1937 | D:3      | Reached XP level 4. HP: 41/41 MP: 3/3
  1980 | D:3      | Reached skill level 5 in Axes
  2314 | D:3      | Reached XP level 5. HP: 47/47 MP: 4/4
  2328 | D:3      | Noticed Pargi
  2337 | D:3      | Killed Pargi
  2338 | D:3      | Reached skill level 6 in Axes
  2367 | D:3      | Found a broken altar of Ashenzari.
  2654 | D:4      | Found the amulet of Elemental Vulnerability {rPois rF--
                  | rC-- AC+8}
  2663 | D:4      | Reached XP level 6. HP: 54/55 MP: 5/5
  2703 | D:4      | Reached skill level 7 in Axes
  2837 | D:4      | Found an iron altar of Okawaru.
  2907 | D:4      | Found an ancient bone altar of Kikubaaqudgha.
  2916 | D:4      | Noticed Edmund
  2922 | D:4      | Reached skill level 8 in Axes
  2923 | D:4      | Reached *** piety under Trog
  2926 | D:4      | Reached XP level 7. HP: 36/60 MP: 6/6
  2929 | D:4      | Killed Edmund
  2930 | D:4      | Reached skill level 9 in Axes
  2935 | D:4      | HP: 2/58 [wight/+1 flail (7)]
  2935 | D:4      | Slain by a wight

Illustrated notes

Levels and vault maps discovered:
D:1:      elethiomel_arrival_quiet, layout_basic,
          nicolae_concentric_dashed_squares_mild, minmay_misc_feat_cross,
          grunt_decor_mini_mirrors
D:2:      layout_loops_corners, hellmonk_ecumenical_altar_lost_god
D:3:      layout_basic, nicolae_overflow_crystal_walls,
          hangedman_decor_slide_cut, uniq_pargi
D:4:      layout_cave_pools, mainiacjoe_overflow_brackets,
          general_overflow_altar, minmay_goblin_kobold_house, uniq_edmund,
          uniq_robin

Skill      XL: |  1  2  3  4  5  6  7 |
---------------+----------------------+-----
Axes           | 4 5 6 8 9 |  9.3
Fighting       | 4 |  4.9
Armour         | 3 |  3.3
Dodging        | |  2.5
Stealth        | |  0.1

Action                     |  1- 3 |  4- 6 |  7- 9 || total
---------------------------+-------+-------+-------++-------
  Melee: Hand axe          |   105 |    24 |       ||   129
         Headbutt          |    13 |    15 |     1 ||    29
         War axe           |       |    56 |     5 ||    61
 Invoke: Berserk           |       |     2 |       ||     2
 Armour: Animal skin       |     5 |       |       ||     5
         Chain mail        |    21 |       |       ||    21
         Plate armour      |    12 |    56 |     3 ||    71
  Dodge: Dodged            |    47 |    16 |     3 ||    66
